 Dungeon Crawl Stone Soup version 0.17.0-9-g801d43b (webtiles) character file.

38543 4thArraOfDagon the Severer (level 13, -4/114 HPs)
             Began as a Minotaur Berserker on Nov 8, 2015.
             Was an Elder of Trog.
             Slain by a naga warrior
             ... wielding a +0 battleaxe
              (21 damage)
             ... on level 2 of the Snake Pit on Nov 9, 2015.
             The game lasted 00:41:35 (6657 turns).

4thArraOfDagon the Severer (Minotaur Berserker)     Turns: 6657, Time: 00:41:35

Health: -4/114     AC: 23    Str: 22    XL:     13   Next: 64%
Magic:  24/26      EV:  1    Int:  8    God:    Trog [****..]
Gold:   623        SH:  0    Dex: 11    Spells: 0 memorised, 12 levels left

rFire  + . .     SeeInvis .     a - +1 executioner's axe (flame)
rCold  . . .     Clarity  .     L - +0 plate armour {rF+}
rNeg   . . .     SustAt   .     (shield currently unavailable)
rPois  +         Gourm    +     W - +2 hat
rElec  .         Spirit   .     I - +2 cloak {rPois}
rCorr  .         Warding  .     D - +0 pair of gloves
rMut   .         Stasis   .     (no boots)
MR     ++...                    v - amulet of the gourmand
Stlth  ..........               y - ring of magical power
                                w - -4 ring of evasion

@: lethally poisoned (-4 -> -4), exhausted, regenerating, slowed, constricted,
very slow, very resistant to hostile enchantments, extremely unstealthy
A: retaliatory headbutt, horns 2
a: Berserk, Trog's Hand, Brothers in Arms, Burn Spellbooks, Renounce Religion


You were on level 2 of the Snake Pit.
You worshipped Trog.
Trog was greatly pleased with you.
You were not hungry.

You visited 5 branches of the dungeon, and saw 26 of its levels.
You also visited: Labyrinth, Sewer, Ossuary and Volcano.

You collected 1470 gold pieces.
You spent 847 gold pieces at shops.

Inventory:

Hand Weapons
 a - a +1 executioner's axe of flaming (weapon)
 E - the +5 morningstar of Paigg {crush, Str+2}
   (You found it in a labyrinth)

   It inflicts extra damage upon your enemies.
   It affects your strength (+2).
 T - a +4 antimagic executioner's axe
Missiles
 K - a throwing net (quivered)
 N - 6 poisoned javelins
Armour
 D - a +0 pair of gloves (worn)
 I - a +2 cloak of poison resistance (worn)
 L - a +0 plate armour of fire resistance (worn)
 M - the +0 scale mail "Soaciff" {rF++ rC- Str+7}
   (You found it in a labyrinth)

   It affects your strength (+7).
   It greatly protects you from fire.
   It makes you vulnerable to cold.
 W - a +2 hat (worn)
Magical Staves
 Y - an uncursed staff of air {unknown}
Jewellery
 g - an uncursed amulet of stasis
 v - an amulet of the gourmand (around neck)
 w - a -4 ring of evasion (left hand)
 y - a ring of magical power (right hand)
Wands
 d - a wand of fire (5)
 l - a wand of disintegration (4)
 S - a wand of invisibility (5)
 U - a wand of enslavement (10)
 Z - a wand of paralysis (10)
Scrolls
 i - 3 scrolls of teleportation
 q - 5 scrolls of recharging
 s - 2 scrolls of immolation
 O - 3 scrolls of fog
 Q - a scroll of blinking
 R - 2 scrolls of noise
Potions
 b - 3 potions of agility
 e - 3 potions of might
 f - a potion of degeneration {unknown}
 k - a potion of mutation {unknown}
 o - 4 potions of resistance
 r - 2 potions of invisibility
 t - 3 potions of flight
 u - a potion of berserk rage
 x - a potion of magic
 z - a potion of ambrosia
 B - a potion of experience {unknown}
 C - a potion of curing
 H - 2 potions of lignification
 P - 2 potions of brilliance
Books
 p - a book of Changes

   Spells                             Type                      Level
   a - Beastly Appendage              Transmutation                1
   b - Sticks to Snakes               Transmutation                2
   c - Spider Form                    Transmutation/Poison         3
   d - Ice Form                       Ice/Transmutation            4
   e - Blade Hands                    Transmutation                5
   Trog disapproves of the use of such an item.
 F - a book of Party Tricks

   Spells                             Type                      Level
   a - Summon Butterflies             Summoning                    1
   b - Apportation                    Translocation                1
   c - Tukima's Dance                 Hexes                        3
   d - Alistair's Intoxication        Transmutation/Poison         4
   e - Invisibility                   Hexes                        6
   Trog disapproves of the use of such an item.
 J - a book of Air

   Spells                             Type                      Level
   a - Shock                          Conjuration/Air              1
   b - Swiftness                      Charms/Air                   2
   c - Repel Missiles                 Charms/Air                   2
   d - Static Discharge               Conjuration/Air              3
   e - Lightning Bolt                 Conjuration/Air              5
   Trog disapproves of the use of such an item.
 X - a Grand Grimoire

   Spells                             Type                      Level
   a - Monstrous Menagerie            Summoning                    6
   b - Summon Greater Demon           Summoning                    7
   c - Malign Gateway                 Summoning/Translocation      7
   d - Summon Horrible Things         Summoning                    8
   Trog disapproves of the use of such an item.
Miscellaneous
 V - a plain deck of defence
Comestibles
 c - 10 bread rations
 h - 5 meat rations
 j - 2 slices of pizza
 n - 5 fruits
 A - 3 royal jellies


   Skills:
 - Level 10.6 Fighting
 * Level 19.1 Axes
 + Level 14.0 Armour
 - Level 2.1 Dodging
 - Level 7.0 Evocations


You had 12 spell levels left.
You didn't know any spells.

Dungeon Overview and Level Annotations

Branches:
Dungeon (11/15)            Temple (0/1) D:4            Lair (6/8) D:8
  Snake (2/4) Lair:6          Orc (4/4) D:11            Elf (3/3) Orc:3
  Swamp: Lair:3-6    Shoals: Lair:3-6     Slime: Lair:6-8

Altars:
Ashenzari
Cheibriados
Dithmenos
Fedhas
Makhleb
Nemelex Xobeh
Sif Muna
Trog
Vehumet
Xom
Yredelemnul
Zin
The Shining One
Beogh

Shops:
Orc:3 }   Orc:4 [**?   Elf:1 %   Elf:2 (


Innate Abilities, Weirdness & Mutations

You reflexively headbutt those who attack you in melee.
You have a pair of horns on your head.


Message History

The naga warrior hits you with a battleaxe!
* * * LOW HITPOINT WARNING * * *
x2 The naga warrior constricts you.
Unknown command.
Unknown command.
Unknown command.
You hit the naga warrior but do no damage.
The naga warrior is almost dead.
The naga warrior spits poison at you. The splash of poison hits you!
You resist.
* * * LOW HITPOINT WARNING * * *
x2 The naga warrior constricts you.
Unknown command.
Unknown command.
Unknown command.
Unknown command.
Drink which item? (? for menu, Esc to quit)
You feel much better.
You feel sick.
The naga warrior hits you with a battleaxe!!
You die...

#......#
#......#
##......#
######.......#
.............#
.............#
........N....#
.......@.....#
.............#
#####........#
##....)..#
#..<.(†.#
#...(..p#
+............
##$......<....
#............


You could see a naga warrior and a neutral human (wandering).

Vanquished Creatures
  Kirke (Snake:2)
  A deep elf sorcerer (Elf:2)
  A stone giant (Orc:4)
  Nessos (Volcano)
  Azrael (Elf:1)
  A deep elf death mage (Elf:2)
  A minotaur (Lab)
  A hydra (Lair:5)
  Erolcha (D:9)
  A naga sharpshooter (Snake:2)
  4 orc high priests
  A deep elf knight (Elf:2)
  A deep elf summoner (Elf:2)
  5 orc knights
  4 orc sorcerers (Orc:4)
  A deep elf conjurer (Elf:2)
  An ugly thing (D:10)
  Maurice (D:10)
  2 molten gargoyles (Volcano)
  A gargoyle (D:10)
  2 yaktaurs (Volcano)
  2 komodo dragons (Lair:1)
  A spiny frog (Lair:5)
  A fire drake (Lair:5)
  A deep elf priest (Elf:2)
  A troll (D:9)
  A merfolk (D:10)
  9 deep elf magi
  29 yaks
  A fire elemental (Elf:1)
  A basilisk (D:8)
  2 hogs (Snake:2)
  3 hippogriffs
  Grum (D:9)
  16 deep elf fighters
  The ghost of xeno23 the Conjurer, an amateur DrCj (D:3)
  2 wolves (D:9)
  4 wargs
  A water moccasin (Lair:2)
  26 orc warriors
  5 hell hounds
  A naga (Lair:6)
  A black bear (D:8)
  4 porcupines
  5 ogres
  6 centaurs
  3 phantoms
  A sky beast (D:7)
  3 crocodiles
  A big kobold (Sewer)
  10 giant frogs
  9 killer bees
  A scorpion (D:9)
  7 wights (D:9)
  3 lava snakes (Volcano)
  9 bog bodies (Ossuary)
  A quasit (D:9)
  4 centaur zombies (Ossuary)
  4 giant frog zombies
  3 hounds
  A jelly (D:6)
  A giant frog skeleton (D:8)
  12 orc wizards
  12 orc priests
  2 iguanas (D:7)
  5 worker ants
  5 hound zombies
  5 mummies (Ossuary)
  2 worker ant zombies
  10 river rats
  A shadow imp (D:5)
  6 adders
  2 oozes
  3 adder zombies (Ossuary)
  2 adder skeletons
  4 worms
  2 giant geckos
  72 orcs
  2 bats (D:3)
  2 hobgoblins (D:1)
  5 quokkas
  7 ball pythons
  3 giant cockroaches
  A giant gecko zombie (Ossuary)
  6 jackals
  2 kobolds
  An orc zombie (D:4)
  A quokka zombie (Ossuary)
  10 rats
  A fungus (Lair:5)
405 creatures vanquished.

Vanquished Creatures (others)
  A human (Snake:2)
  2 orcs (Orc:3)
3 creatures vanquished.

Grand Total: 408 creatures vanquished

Notes
Turn   | Place    | Note
--------------------------------------------------------------
     0 | D:1      | 4thArraOfDagon the Minotaur Berserker began the quest for the Orb.
     0 | D:1      | Reached XP level 1. HP: 19/19 MP: 0/0
     0 | D:1      | f it
     0 | D:1      | mustwin
    99 | D:3      | Noticed xeno23's ghost (amateur DrCj)
   104 | D:2      | Reached XP level 2. HP: 9/27 MP: 1/1
   187 | D:3      | Found a glowing drain.
   216 | Sewer    | Entered a sewer
   227 | Sewer    | Reached skill level 4 in Axes
   294 | Sewer    | Noticed a big kobold
   304 | Sewer    | Killed a big kobold
   304 | Sewer    | Reached skill level 1 in Evocations
   304 | Sewer    | Reached XP level 3. HP: 34/34 MP: 2/2
   304 | Sewer    | Reached XP level 4. HP: 41/41 MP: 3/3
   361 | Sewer    | Reached ** piety under Trog
   441 | D:3      | Reached skill level 5 in Axes
   552 | D:3      | Killed xeno23's ghost
   552 | D:3      | Reached XP level 5. HP: 47/47 MP: 3/5
   625 | D:4      | Reached skill level 5 in Fighting
   634 | D:4      | Reached XP level 6. HP: 39/56 MP: 6/6
   639 | D:4      | Found a basalt altar of Yredelemnul.
   685 | D:4      | Found a sand-covered staircase.
   697 | D:4      | Found a sparkling altar of Nemelex Xobeh.
   697 | D:4      | Found a radiant altar of Vehumet.
   710 | Ossuary  | Entered an ossuary
   724 | Ossuary  | Reached skill level 6 in Axes
   820 | Ossuary  | Reached XP level 7. HP: 61/61 MP: 7/7
   865 | Ossuary  | Reached skill level 7 in Axes
   928 | Ossuary  | Reached skill level 5 in Armour
  1064 | D:4      | Found a shadowy altar of Dithmenos.
  1088 | D:5      | Entered Level 5 of the Dungeon
  1163 | D:5      | Reached XP level 8. HP: 51/70 MP: 9/9
  1205 | D:4      | Noticed an ogre
  1215 | D:4      | Found a staircase to the Ecumenical Temple.
  1223 | D:4      | Killed an ogre
  1223 | D:4      | Reached skill level 8 in Axes
  1345 | D:4      | Found a shattered altar of Ashenzari.
  1697 | D:7      | Reached skill level 9 in Axes
  2001 | D:7      | Found a glowing silver altar of Zin.
  2004 | D:7      | Noticed an angel
  2007 | D:7      | Found a shimmering altar of Xom.
  2107 | D:8      | Reached XP level 9. HP: 66/79 MP: 11/11
  2210 | D:8      | Reached skill level 10 in Axes
  2217 | D:8      | Reached skill level 5 in Evocations
  2218 | D:8      | Reached skill level 11 in Axes
  2220 | D:8      | Reached *** piety under Trog
  2224 | D:8      | Reached XP level 10. HP: 60/90 MP: 11/13
  2296 | D:8      | Found a staircase to the Lair.
  2379 | D:9      | Noticed Grum
  2388 | D:9      | Reached skill level 12 in Axes
  2392 | D:9      | Killed Grum
  2521 | D:9      | Found a burning altar of Makhleb.
  2521 | D:9      | Found a deep blue altar of Sif Muna.
  2521 | D:9      | Found a snail-covered altar of Cheibriados.
  2521 | D:9      | Found a bloodstained altar of Trog.
  2527 | D:9      | Found a glowing golden altar of the Shining One.
  2527 | D:9      | Found a blossoming altar of Fedhas.
  2560 | D:9      | Noticed Erolcha
  2574 | D:9      | Killed Erolcha
  2692 | D:9      | Reached skill level 13 in Axes
  2696 | D:9      | Reached XP level 11. HP: 85/99 MP: 13/15
  2775 | D:10     | Entered Level 10 of the Dungeon
  2783 | D:10     | Noticed Maurice
  2794 | D:10     | Killed Maurice
  2842 | D:10     | Reached skill level 10 in Fighting
  3170 | D:11     | Found a staircase to the Orcish Mines.
  3350 | Orc:1    | Entered Level 1 of the Orcish Mines
  3423 | Orc:1    | Reached skill level 10 in Armour
  3515 | Orc:2    | Found a roughly hewn altar of Beogh.
  3554 | Orc:3    | Found Kagiuxkyl's Gadget Emporium.
  3564 | Orc:3    | Received a gift from Trog
  3680 | Orc:3    | Found a staircase to the Elven Halls.
  3700 | Orc:4    | Entered Level 4 of the Orcish Mines
  3753 | Orc:4    | Reached **** piety under Trog
  3845 | Orc:4    | Noticed a stone giant
  3860 | Orc:4    | Killed a stone giant
  3860 | Orc:4    | Reached skill level 14 in Axes
  3939 | Orc:4    | Noticed an orc high priest
  3939 | Orc:4    | Noticed an orc high priest
  3975 | Orc:4    | Killed an orc high priest
  3985 | Orc:4    | Killed an orc high priest
  3986 | Orc:4    | Upgraded the game from 0.17.0-7-gfadd4cc to 0.17.0-9-g801d43b
  4081 | Orc:4    | Reached skill level 15 in Axes
  4126 | Orc:4    | Paralysed by an orc sorcerer for 2 turns
  4141 | Orc:4    | Reached XP level 12. HP: 107/108 MP: 16/16
  4283 | Orc:4    | Noticed an orc high priest
  4327 | Orc:4    | Killed an orc high priest
  4482 | Orc:4    | Found Idehuji's Magic Scroll Shoppe.
  4482 | Orc:4    | Found Nouhosee's Assorted Antiques.
  4485 | Orc:4    | Found Fapso's General Store.
  4485 | Orc:4    | Found Meurusm's Armour Boutique.
  4517 | Orc:4    | Bought a lumpy sapphire potion for 23 gold pieces
  4517 | Orc:4    | Bought a scroll labeled EQEOPOA CAILO for 26 gold pieces
  4517 | Orc:4    | Bought a scroll labeled JEIXUA JEIPORO for 26 gold pieces
  4517 | Orc:4    | Bought a scroll labeled YPEIZO LA MERO for 26 gold pieces
  4517 | Orc:4    | Bought 3 scrolls labeled YPEIZO LA MERO for 78 gold pieces
  4517 | Orc:4    | Bought 2 smoky white potions for 46 gold pieces
  4517 | Orc:4    | Bought a potion of might for 104 gold pieces
  4529 | Orc:4    | Bought 3 scrolls of recharging for 399 gold pieces
  4529 | Orc:4    | Bought a scroll of blinking for 105 gold pieces
  4529 | Orc:4    | Bought a scroll of noise for 14 gold pieces
  4626 | Orc:3    | Reached skill level 16 in Axes
  4690 | Elf:1    | Entered Level 1 of the Elven Halls
  4705 | Elf:1    | Reached ***** piety under Trog
  4804 | Orc:3    | Noticed an orc high priest
  4813 | Orc:3    | Killed an orc high priest
  4820 | Orc:3    | Received a gift from Trog
  4888 | Elf:1    | Noticed Azrael
  5020 | Elf:1    | Killed Azrael
  5062 | Elf:2    | Reached skill level 17 in Axes
  5128 | Elf:2    | Noticed a deep elf death mage
  5128 | Elf:2    | Noticed a deep elf sorcerer
  5139 | Elf:2    | Killed a deep elf sorcerer
  5144 | Elf:2    | Killed a deep elf death mage
  5149 | Elf:2    | Reached XP level 13. HP: 114/114 MP: 5/17
  5219 | Elf:2    | Found Edatom's Weapon Emporium.
  5234 | Elf:1    | Found Otiet Jig's Food Shoppe.
  5307 | Elf:3    | Entered Level 3 of the Elven Halls
  5617 | Lair:1   | Entered Level 1 of the Lair of Beasts
  5712 | Lair:2   | Reached skill level 18 in Axes
  5895 | Lair:5   | Found a labyrinth entrance.
  5922 | Lab      | Entered a labyrinth
  6047 | Lab      | Got a fine morningstar
  6047 | Lab      | Got a warped scale mail
  6113 | Lair:5   | Found a blossoming altar of Fedhas.
  6151 | Lair:5   | Found a dark tunnel.
  6158 | Volcano  | Entered a volcano
  6169 | Volcano  | Identified the cursed +0 scale mail "Soaciff" {rF++ rC- Str+7} (You found it in a labyrinth)
  6314 | Volcano  | Found a burning altar of Makhleb.
  6314 | Volcano  | Noticed Nessos
  6328 | Volcano  | Killed Nessos
  6572 | Lair:6   | Found a staircase to the Snake Pit.
  6587 | Snake:1  | Entered Level 1 of the Snake Pit
  6631 | Snake:1  | Identified the +5 morningstar of Paigg {crush, Str+2} (You found it in a labyrinth)
  6634 | Snake:2  | Noticed Kirke
  6643 | Snake:2  | Killed Kirke
  6643 | Snake:2  | Reached skill level 19 in Axes
  6655 | Snake:2  | HP: 5/114 [naga warrior/battleaxe (6)]
  6656 | Snake:2  | HP: 1/114 [naga warrior/battleaxe (3)]
  6657 | Snake:2  | Slain by a naga warrior

Action                   |  1- 3 |  4- 6 |  7- 9 | 10-12 | 13-15 || total
-------------------------+-------+-------+-------+-------+-------++-------
Melee: Hand axe          |    27 |   106 |   118 |       |       ||   251
       War axe           |       |       |   128 |   362 |       ||   490
       Battleaxe         |       |       |       |    59 |       ||    59
       Executioner's axe |       |       |       |    46 |   138 ||   184
Invok: Berserk           |     5 |     4 |     5 |    24 |     7 ||    45
       Trog's Hand       |       |     4 |    10 |    32 |     9 ||    55
Evoke: Wand              |       |       |       |     3 |     1 ||     4
  Use: Scroll            |       |     2 |     8 |    11 |    13 ||    34
       Potion            |       |     2 |       |     2 |     1 ||     5
  Eat: Chunk             |     3 |     7 |     7 |    50 |     9 ||    76
       Fruit             |       |       |     4 |       |       ||     4
